Map: Proxima Station LE

Players

Nos - Winner!

  • Race: Terran Terran
  • League: Gold
  • Spawn Location: 1:00

Coolworld

  • Race: Zerg Zerg
  • League: Gold
  • Spawn Location: 7:00

VOD

Have the link to the VOD?

Description

Time

  • Played on: June 23, 2017, 6:26 p.m.
  • Length: 24:17
Show
View Real Time Build Order
Export as new Build Order

Nos Terran - Winner!

Build Orders:  

Get SALT Encoding   

  12  0:01  SCV  
  13  0:13  SCV  
  14  0:23  Supply Depot  
  14  0:25  SCV  
  15  0:54  Barracks  
  15  0:59  Refinery  
  15  1:01  Refinery  
  15  1:13  Barracks  
  15  1:16  Barracks  
  15  1:20  SCV  
  16  1:32  SCV  
  17  1:45  Reaper  
  18  1:51  SCV  
  19  2:03  SCV  
  19  2:06  Reaper  
  19  2:07  Reaper  
  22  2:15  SCV  
  23  2:30  Bunker  
  23  2:36  Supply Depot  
  23  2:38  Supply Depot  
  24  2:58  Reaper  
  24  3:04  Reaper x2  
  26  3:09  SCV  
  27  3:30  Reaper  
  28  3:36  Reaper x2  
  28  4:02  Reaper  
  29  4:08  SCV, Reaper x2  
  32  4:12  Supply Depot  
  32  4:13  Supply Depot  
  32  4:20  SCV  
  33  4:32  SCV  
  33  4:34  Reaper  
  35  4:40  Reaper  
  35  4:44  SCV  
  37  4:54  Reaper  
  38  5:06  Reaper  
  38  5:12  Reaper  
  36  5:37  Reaper  
  36  5:39  Reaper  
  38  5:44  Reaper  
  35  6:04  Factory  
  35  6:09  Factory  
  35  6:10  Reaper  
  35  6:11  Reaper  
  37  6:15  SCV  
  37  6:16  Reaper  
  39  6:22  Supply Depot  
  39  6:24  Supply Depot  
  39  6:32  Orbital Command  
  39  6:33  Command Center  
  31  7:33  Reaper x3  
  31  7:36  Cyclone  
  37  7:41  Cyclone  
  40  8:05  Reaper  
  43  8:13  Command Center  
  43  8:19  Barracks Reactor  
  41  8:20  Barracks Reactor  
  41  8:45  Barracks Tech Lab  
  26  9:03  Marine x2  
  26  9:04  Marine x2  
  26  9:07  Marauder  
  26  9:09  Factory Tech Lab x2  
  31  9:13  Barracks  
  31  9:14  Barracks  
  31  9:15  SCV  
  32  9:27  Marine x4  
  32  9:28  SCV, Marauder  
  39  9:33  Stimpack  
  39  9:38  Siege Tank  
  42  9:40  SCV  
  42  9:44  Marine x2  
  42  9:45  Marine x2  
  46  9:50  Siege Tank, Marauder  
  46  9:52  SCV  
  53  10:04  SCV  
  54  10:09  Marine  
  54  10:10  Marine x3  
  54  10:11  Marauder  
  60  10:15  Orbital Command  
  60  10:16  SCV  
  60  10:20  Siege Tank  
  64  10:27  Barracks Tech Lab  
  64  10:28  SCV  
  65  10:32  Marauder  
  67  10:37  SCV  
  67  10:42  Orbital Command  
  68  10:45  SCV  
  68  10:49  SCV  
  70  10:50  Barracks Tech Lab  
  70  10:54  Marauder  
  72  10:57  SCV  
  73  11:09  Marine x4, SCV  
  78  11:15  Marauder  
  78  11:16  Marauder x2  
  84  11:23  Starport  
  84  11:33  Combat Shields  
  84  11:37  Marauder x3  
  90  11:47  Marine x3  
  93  11:54  Hellion  
  93  11:55  Hellion  
  93  11:58  Marauder x2  
  93  11:59  Starport Reactor  
  101  12:03  Refinery  
  101  12:07  Refinery  
  101  12:26  Supply Depot x2  
  101  12:27  Supply Depot  
  101  12:29  Engineering Bay  
  101  12:47  Marine x4  
  101  12:48  Siege Tank x2, Marauder x3  
  117  12:52  Concussive Shells  
  113  13:06  Marine x2  
  113  13:07  Marine x2  
  113  13:09  Marauder x2  
  121  13:14  Medivac  
  121  13:15  Medivac  
  125  13:34  Refinery  
  125  13:37  Supply Depot, Refinery  
  125  13:39  Supply Depot  
  125  13:40  Supply Depot  
  125  13:42  Terran Infantry Weapons Level 1  
  125  13:57  Supply Depot x2  
  125  13:59  Marine x4, SCV, Marauder  
  125  14:00  Marauder  
  125  14:01  Engineering Bay  
  134  14:08  Medivac  
  136  14:11  SCV  
  136  14:16  Medivac  
  139  14:22  Marauder  
  139  14:23  SCV  
  142  14:26  Unknown  
  142  14:35  SCV  
  143  14:47  SCV  
  144  14:53  Terran Infantry Armor Level 1  
  144  14:57  Armory  
  144  14:59  SCV  
  145  15:11  SCV  
  146  15:41  Marine x2  
  146  15:42  Marine x2, Marauder x3  
  150  15:54  Medivac x2  
  154  15:59  Marine x3  
  154  16:00  Marine  
  154  16:03  Marauder  
  154  16:04  Marauder x2  
  156  16:17  Marine x3  
  159  16:24  Medivac  
  159  16:25  Marauder x2  
  165  16:29  Marauder  
  125  16:46  Marauder x2  
  109  16:52  Siege Tank  
  109  16:53  Siege Tank  
  103  17:09  Terran Infantry Armor Level 2  
  103  17:14  Marauder  
  103  17:15  Marine, Marauder  
  107  17:16  Marine x4  
  107  17:22  Medivac x2  
  116  17:24  Siege Tank  
  119  17:33  Marine x2  
  119  17:34  Marine x3  
  122  17:51  Marine x4  
  122  17:52  Medivac x2, Marine  
  131  18:01  Marine x2  
  131  18:04  Barracks  
  133  18:07  Terran Infantry Weapons Level 2  
  133  18:09  Marine x5  
  138  18:13  Barracks  
  138  18:19  Supply Depot, Marine x2  
  140  18:21  Supply Depot  
  140  18:27  Medivac x2, Marine x4  
  148  18:37  Marine x2  
  150  18:43  Supply Depot  
  150  18:44  Marine  
  150  18:45  Marine x3  
  154  18:53  Orbital Command  
  154  18:54  Marine  
  154  18:55  Marine  
  156  19:02  Marine x2  
  156  19:03  Marine x2  
  156  19:06  Supply Depot  
  150  19:18  Marine  
  150  19:20  Marine x4  
  150  19:21  Barracks Reactor  
  155  19:36  Medivac, Marine  
  155  19:37  Medivac  
  155  19:38  Marine x4  
  164  19:46  Barracks Reactor  
  164  19:54  Marine  
  164  19:56  Marine x4  
  157  20:12  Marine  
  157  20:14  Marine x4  
  96  20:30  Marine  
  73  20:48  Marine x4, Marauder  
  64  20:51  Marine x4, Marauder x2  
  64  20:53  Medivac x2  
  64  20:54  Siege Tank x2  
  80  21:05  Marine  
  80  21:06  Marine  
  80  21:08  Marine  
  80  21:09  Marine  
  80  21:10  Marauder  
  86  21:11  SCV  
  86  21:12  Marauder  
  89  21:23  Medivac  
  89  21:24  SCV  
  92  21:26  Marine  
  92  21:27  Marine  
  92  21:31  Marauder  
  96  21:36  SCV  
  97  21:48  SCV  
  97  21:52  Marauder  
  100  22:00  SCV, Marine x3  
  100  22:01  Marine x3  
  105  22:04  Marauder x2  
  105  22:05  Marine x2  
  105  22:06  Siege Tank  
  105  22:07  Siege Tank  
  119  22:14  Marauder  
  121  22:18  Marine x3  
  121  22:19  Marine x3  
  127  22:23  Marine x2  
  127  22:25  Marauder  
  127  22:26  Marauder  
  133  22:35  Marauder  
  135  22:39  Siege Tank x2  
  135  22:40  Marine  
  135  22:41  Marine  
  143  22:47  Marauder x2  
  140  22:57  Marauder  
  135  22:58  Marine x2  
  135  23:04  Marine x4  
  140  23:08  Marauder  
  140  23:09  Marauder  
  129  23:18  Marauder  
  126  23:22  Medivac x2, Marine  
  131  23:29  Marauder  
  131  23:30  Marauder  
  135  23:39  Marauder  
  129  23:51  Marauder x2  
Show
View Real Time Build Order
Export as new Build Order

Coolworld Zerg 

Build Orders: Pool First 

Get SALT Encoding   

  12  0:01  Drone  
  13  0:12  Overlord  
  13  0:17  Drone  
  14  0:31  Drone x2  
  16  0:40  Drone  
  17  0:51  Spawning Pool  
  17  0:52  Drone  
  17  1:14  Hatchery  
  16  1:39  Extractor  
  15  1:40  Queen  
  15  1:42  Zergling x6  
  20  1:53  Overlord  
  20  2:10  Drone  
  21  2:16  Queen  
  23  2:38  Queen  
  23  2:43  Overlord  
  23  2:44  Drone x4  
  27  2:52  Spine Crawler  
  25  3:03  Metabolic Boost, Spine Crawler  
  24  3:10  Zergling x2  
  24  3:11  Zergling x2  
  24  3:31  Queen  
  24  3:32  Queen  
  24  3:51  Zergling x2  
  24  3:52  Zergling x6  
  28  4:09  Queen  
  30  4:15  Queen  
  32  4:30  Roach Warren  
  29  5:10  Spine Crawler  
  29  5:12  Spine Crawler  
  24  5:24  Roach x3  
  24  5:25  Roach x3  
  24  5:26  Roach x2  
  40  5:28  Overlord  
  40  6:09  Drone x4  
  40  6:10  Overlord  
  44  6:12  Drone x3  
  48  6:25  Drone x2  
  48  6:26  Drone  
  50  6:58  Evolution Chamber  
  50  6:59  Evolution Chamber  
  46  7:21  Roach  
  46  7:22  Roach x6  
  60  7:23  Overlord x3  
  60  7:36  Zerg Ground Armor Level 1, Zerg Missile Weapons Level 1  
  60  7:56  Roach x5  
  70  8:13  Lair  
  70  8:17  Drone x4, Extractor  
  73  8:40  Drone x3  
  76  9:18  Hatchery  
  75  9:32  Glial Reconstitution  
  75  9:34  Zerg Missile Weapons Level 2  
  75  9:39  Extractor  
  74  9:54  Extractor  
  74  9:57  Zerg Ground Armor Level 2  
  73  10:09  Overseer  
  73  10:11  Spore Crawler  
  73  10:12  Spore Crawler  
  73  10:14  Drone  
  72  10:33  Drone  
  72  10:34  Drone x4  
  72  10:35  Drone x3  
  80  10:37  Overlord  
  80  10:39  Drone  
  80  10:40  Drone x2  
  80  10:42  Drone x3  
  86  11:11  Drone x2  
  86  11:12  Drone x3  
  86  11:13  Overlord x2  
  86  11:14  Overlord, Drone  
  86  11:15  Drone x6  
  98  11:43  Infestation Pit  
  97  11:53  Drone, Extractor  
  97  11:54  Drone x3, Extractor  
  98  11:55  Drone x2  
  95  12:09  Overseer x2  
  95  12:18  Spire  
  95  12:22  Pathogen Glands  
  94  12:23  Infestor x3  
  94  12:24  Infestor  
  94  12:26  Overlord x3  
  94  12:29  Zergling x4  
  105  12:30  Zergling x2  
  105  12:41  Hive  
  105  12:47  Drone x2  
  105  12:49  Drone x3  
  110  12:55  Overlord x2  
  110  12:56  Roach x3  
  110  12:57  Roach x2  
  120  13:19  Pneumatized Carapace  
  120  13:22  Burrow  
  120  13:37  Mutalisk x5  
  120  13:40  Zergling x8  
  120  13:41  Zergling x6  
  137  13:49  Spore Crawler  
  137  13:52  Hatchery  
  135  14:15  Mutalisk x6  
  147  14:17  Overlord x2  
  147  14:18  Overlord  
  147  14:20  Zergling x10  
  152  14:41  Corruptor x3  
  152  14:42  Corruptor  
  160  14:47  Zergling x4  
  160  14:51  Greater Spire  
  162  15:04  Queen  
  164  15:32  Spine Crawler  
  164  15:34  Spine Crawler  
  133  16:06  Mutalisk x3  
  133  16:07  Mutalisk x2  
  133  16:08  Roach x2  
  133  16:09  Roach x5  
  96  16:43  Roach x12  
  114  17:17  Brood Lord x4  
  114  17:21  Overlord x2  
  114  17:22  Hatchery  
  121  17:24  Infestor x3  
  121  17:26  Zergling x8  
  131  17:55  Overlord  
  131  17:58  Corruptor x3  
  133  18:00  Roach  
  133  18:01  Overlord, Roach x3  
  133  18:02  Roach  
  133  18:05  Extractor x2  
  145  18:09  Queen  
  147  18:36  Zerg Flyer Armor Level 1  
  147  18:40  Adrenal Glands  
  147  18:42  Zerg Ground Armor Level 3  
  147  18:52  Drone  
  147  18:53  Drone x2  
  150  18:56  Drone x3  
  147  19:13  Queen  
  149  19:31  Drone  
  149  19:32  Drone  
  149  19:33  Drone x4  
  149  19:34  Drone x2  
  95  20:20  Zergling x12  
  95  20:21  Zergling x22  
  94  20:34  Brood Lord  
  80  21:06  Hatchery  
  79  21:44  Queen  
  77  22:01  Infestor x3  
  77  22:02  Infestor  
  77  22:03  Corruptor  
  77  22:04  Corruptor x3  
  77  22:06  Roach x8  
  77  22:07  Roach x2  
  112  22:17  Queen  
  114  22:33  Roach x6  
  114  22:34  Roach x8  
  98  22:58  Roach  
  98  22:59  Roach x9  
  112  23:10  Roach x3  
  104  23:21  Roach  
  104  23:22  Roach x3  
  112  23:28  Queen x2  
  112  23:29  Queen x2  
  120  23:36  Hatchery  
  103  23:47  Roach x10  
  103  23:48  Roach  
Tags
 
Add a new tag
Caveats
  • Supply blocks, unpowered buildings, or Contaminate may cause inaccurate times.
  • Supply counts are checked every 10 seconds.